 Dungeon Crawl Stone Soup version 0.26-a0-612-gd4d190f (webtiles) character file.

Game seed: 18278765342219190165

17621 Hazorath the Brawler (level 12, 0/123 HPs)
             Began as a Kobold Fighter on Sept 9, 2020.
             Was a High Priest of Trog.
             Succumbed to a cane toad's poison
             ... on level 3 of the Lair of Beasts on Sept 10, 2020.
             The game lasted 00:39:06 (19631 turns).

Hazorath the Brawler (Kobold Fighter)              Turns: 19631, Time: 00:39:07

Health: 0/123      AC: 17    Str: 24    XL:     12   Next: 84%
Magic:  12/12      EV:  9    Int: 10    God:    Trog [*****.]
Gold:   590        SH:  4    Dex: 14    Spells: 11/11 levels left

rFire    . . .     SeeInvis .   (weapon restricted)
rCold    + . .     Faith    .   q - +0 buckler
rNeg     . . .     Spirit   .   u - +2 chain mail {rC+}
rPois    .         Reflect  .   (no helmet)
rElec    .         Harm     .   B - scarf {repulsion}
rCorr    .                      t - +2 pair of gloves
MR       .....                  (no boots)
Stlth    ..........             (no amulet)
HPRegen  0.30/turn              s - +6 ring of strength
MPRegen  0.13/turn              H - +4 ring of protection

@: berserking, lethally poisoned (0 -> -31), extremely drained, repel missiles,
very quick
A: small, nightstalker 3
a: Berserk, Trog's Hand, Brothers in Arms, Renounce Religion


You were on level 3 of the Lair of Beasts.
You worshipped Trog.
Trog was extremely pleased with you.
You visited 3 branches of the dungeon, and saw 15 of its levels.
You also visited: Sewer.

You collected 922 gold pieces.
You spent 332 gold pieces at shops.

Inventory:

Hand Weapons
 a - a +0 hunting sling
Missiles
 e - 152 bolts
 k - 114 sling bullets
 L - 7 curare-tipped darts (quivered)
Armour
 q - a +0 buckler (worn)
 t - a +2 pair of gloves (worn)
 u - a +2 chain mail of cold resistance (worn)
 B - a scarf of repulsion (worn)
Jewellery
 r - an uncursed ring of flight
 s - a +6 ring of strength (left hand)
 C - an uncursed ring of see invisible
 H - a +4 ring of protection (right hand)
Wands
 c - a wand of flame (9)
 h - a wand of random effects (48)
 o - a wand of iceblast (6)
 v - a wand of digging (4)
 A - a wand of disintegration (21)
 D - a wand of polymorph (11)
 K - a wand of paralysis (2)
Scrolls
 b - 9 scrolls of teleportation
 j - 4 scrolls of remove curse
 l - 4 scrolls of fear
 p - a scroll of fog
 x - 3 scrolls of enchant weapon
 y - 6 scrolls of blinking
 F - a scroll of silence
 G - 2 scrolls of magic mapping
Potions
 d - 3 potions of mutation
 f - 4 potions of flight
 g - 4 potions of lignification
 i - a potion of invisibility
 m - a potion of haste
 n - 2 potions of magic
 w - 5 potions of curing
 z - 3 potions of brilliance
 E - a potion of berserk rage
 I - a potion of stabbing
 M - 9 potions of ambrosia


   Skills:
 + Level 12.4(0.0) Fighting
 - Level 2.4(0.0) Armour
 - Level 5.6(0.0) Shields
 * Level 15.1(0.0) Unarmed Combat


You had 11 spell levels left.
You didn't know any spells.
Your spell library contained the following spells:

 Spells                   Type           Power        Failure   Level
 Shock                    Conj/Air       #...         99%         1
 Summon Small Mammal      Summ           #...         99%         1
 Call Imp                 Summ           #.......     100%        2
 Swiftness                Air            #.......     100%        2
 Call Canine Familiar     Summ           #.......     100%        3
 Confusing Touch          Hex            #.......     100%        3
 Gell's Gravitas          Tloc           #.........   100%        3
 Static Discharge         Conj/Air       #.......     100%        3
 Summon Guardian Golem    Hex/Summ       #.......     100%        3
 Airstrike                Air            #.........   100%        4
 Petrify                  Tmut/Erth      #.......     100%        4
 Summon Ice Beast         Ice/Summ       #.......     100%        4
 Summon Lightning Spire   Summ/Air       #.......     100%        4
 Lightning Bolt           Conj/Air       #.........   100%        5
 Metabolic Englaciation   Hex/Ice        #.........   100%        5
 Yara's Violent Unravell  Hex/Tmut       #.........   100%        5


Dungeon Overview and Level Annotations

Branches:
Dungeon (11/15)            Temple (1/1) D:5            Lair (3/6) D:11
    Orc (0/2) D:11          Sewer (visited)
  Swamp: Lair:2-4    Shoals: Lair:2-4     Snake: Lair:2-4    Spider: Lair:2-4

Altars:
Ashenzari
Cheibriados
Dithmenos
Elyvilon
Fedhas
Gozag
Hepliaklqana
Kikubaaqudgha
Makhleb
Nemelex Xobeh
Okawaru
Qazlal
Ru
Sif Muna
Trog
Uskayaw
Vehumet
Wu Jian
Xom
Yredelemnul
Zin
The Shining One

Shops:
D:4 ?(   D:8 (   D:11 [

Annotations:
D:3 exclusion: downstairs
D:4 1 runed translucent door, Crazy Yiuf
D:8 3 runed translucent doors, HendSelp's ghost, novice HuFi; Melum's ghost, novice TrMo


Innate Abilities, Weirdness & Mutations

You are small and have problems with some larger weapons.
You are completely attuned to the shadows.


Message History

* * * LOW HITPOINT WARNING * * *
You are more poisoned.
The cane toad poisons you!
You punch the cane toad!
The cane toad is severely wounded.
* * * LOW HITPOINT WARNING * * *
You feel sick.
The cane toad stings you but does no damage.
You hit the cane toad but do no damage.
The cane toad is severely wounded.
* * * LOW HITPOINT WARNING * * *
You feel very sick. The cane toad barely misses you.
You barely miss the cane toad.
The cane toad is severely wounded.
* * * LOW HITPOINT WARNING * * *
You feel sick. The cane toad closely misses you.
You barely miss the cane toad.
The cane toad is severely wounded.
You die...

.........
.........
..(.......
...F......
....@.....
.........P
.......#..<..
.......##.....
...#....##.....
.#.......P......
....P...........
................
.........P......


You could see a cane toad.

Vanquished Creatures
  Harold (D:9)
  A hydra (Lair:1)
  4 two-headed ogres
  Sonja (Lair:2)
  2 unseen horrors
  2 cane toads
  A komodo dragon (Lair:1)
  A queen bee (Lair:1)
  A blink frog (Lair:1)
  3 hippogriffs
  23 yaks
  2 steam dragons (D:9)
  Eustachio (D:4)
  Duvessa (D:5)
  A water moccasin (Lair:1)
  5 porcupines
  2 black bears
  3 orc warriors
  2 sky beasts
  An ice beast (D:7)
  5 ogres
  A phantom (D:9)
  5 centaurs
  2 crocodiles
  8 bullfrogs
  5 big kobolds
  Blork the orc (D:4)
  A wyvern zombie (D:9)
  A wyvern skeleton (D:8)
  4 scorpions
  A water moccasin skeleton (D:4)
  Dowan (D:5)
  27 killer bees
  A howler monkey (D:11)
  3 hounds
  4 jellies
  9 orc priests
  14 orc wizards
  2 bullfrog skeletons (D:10)
  2 iguanas
  7 worker ants
  A hound zombie (D:8)
  A hound skeleton (D:8)
  11 gnolls
  12 adders
  2 shadow imps
  A white imp (D:6)
  An ufetubus (D:7)
  4 oozes
  5 worms
  A dart slug (D:2)
  7 leopard geckos
  35 orcs
  7 giant cockroaches
  4 goblins
  10 hobgoblins
  2 jackals (D:6)
  A quokka (D:8)
  2 ball pythons (Sewer)
  9 bats
  5 frilled lizards
  19 kobolds
  A leopard gecko skeleton (D:5)
  A quokka skeleton (D:4)
  16 rats
320 creatures vanquished.

Vanquished Creatures (others)
  10 fungi
  13 plants
23 creatures vanquished.

Grand Total: 343 creatures vanquished

Notes
Turn   | Place    | Note
-------+----------+-------------------------------------------
     0 | D:1      | Hazorath the Kobold Fighter began the quest for the Orb.
     0 | D:1      | Reached XP level 1. HP: 14/14 MP: 1/1
   364 | D:1      | Reached XP level 2. HP: 16/19 MP: 2/2
  1540 | D:2      | Reached XP level 3. HP: 23/24 MP: 3/3
  1563 | D:2      | Reached skill level 3 in Unarmed Combat
  1885 | D:2      | Reached XP level 4. HP: 13/29 MP: 4/4
  3196 | D:3      | Reached skill level 4 in Unarmed Combat
  3238 | D:3      | Reached XP level 5. HP: 27/33 MP: 5/5
  3520 | D:3      | Found a glowing drain.
  3524 | Sewer    | Entered a sewer
  3647 | Sewer    | Noticed a big kobold
  3648 | Sewer    | Noticed a big kobold
  3672 | Sewer    | Killed a big kobold
  3672 | Sewer    | Reached skill level 5 in Unarmed Combat
  3672 | Sewer    | Reached XP level 6. HP: 20/40 MP: 6/6
  3687 | Sewer    | Reached skill level 5 in Fighting
  4224 | Sewer    | Reached XP level 7. HP: 39/44 MP: 7/7
  4695 | D:3      | Reached skill level 6 in Unarmed Combat
  5285 | D:4      | Found Ygiduciv's Magic Scroll Emporium.
  5292 | D:4      | Bought a scroll of blinking for 82 gold pieces
  5292 | D:4      | Bought a scroll of identify for 22 gold pieces
  5292 | D:4      | Bought a scroll of identify for 22 gold pieces
  5292 | D:4      | Bought a scroll of identify for 22 gold pieces
  5560 | D:4      | Found Ihuful's Weapon Boutique.
  5574 | D:4      | Found a runed translucent door.
  5577 | D:4      | Noticed Crazy Yiuf
  5597 | D:4      | Noticed Blork the orc
  5605 | D:4      | Killed Blork the orc
  5688 | D:4      | Noticed Eustachio
  6035 | D:4      | Killed Eustachio
  6035 | D:4      | Reached XP level 8. HP: 37/51 MP: 8/8
  6517 | D:5      | Entered Level 5 of the Dungeon
  6554 | D:5      | Found a staircase to the Ecumenical Temple.
  6560 | Temple   | Entered the Ecumenical Temple
  6753 | Temple   | Became a worshipper of Trog the Wrathful
  6976 | D:5      | Reached skill level 7 in Unarmed Combat
  7386 | D:5      | Noticed Dowan
  7387 | D:5      | Noticed Duvessa
  7416 | D:5      | Killed Dowan
  7595 | D:5      | Killed Duvessa
  8268 | D:6      | Found a shadowy altar of Dithmenos.
  8324 | D:6      | Reached XP level 9. HP: 46/56 MP: 9/9
  8909 | D:6      | Reached skill level 8 in Unarmed Combat
  9157 | D:7      | Reached skill level 5 in Shields
  9488 | D:7      | Reached * piety under Trog
  9820 | D:7      | Noticed a hippogriff
  9824 | D:7      | Killed a hippogriff
  9881 | D:7      | Found a shattered altar of Ashenzari.
  9881 | D:7      | Found an opulent altar of Gozag.
 10102 | D:7      | Reached skill level 9 in Unarmed Combat
 10469 | D:8      | Found a runed translucent gate.
 10469 | D:8      | Found a runed translucent gate.
 10469 | D:8      | Found a runed translucent gate.
 10569 | D:7      | Reached XP level 10. HP: 56/64 MP: 10/10
 11306 | D:8      | Reached skill level 10 in Unarmed Combat
 11307 | D:8      | Reached ** piety under Trog
 11337 | D:8      | Found Ysahyengi's Antique Weapon Emporium.
 11398 | D:8      | Found a white marble altar of Elyvilon.
 11656 | D:8      | Identified the cursed +0 ring mail of the Marlin {SInv}
 11682 | D:8      | Identified the +6 dagger of Okawaru's Esteem {holy, MR+}
 11997 | D:8      | Noticed Melum's ghost (novice TrMo)
 11997 | D:8      | Noticed HendSelp's ghost (novice HuFi)
 12641 | D:9      | Noticed Harold
 12656 | D:9      | Killed Harold
 12656 | D:9      | Reached skill level 11 in Unarmed Combat
 12668 | D:9      | Reached *** piety under Trog
 12979 | D:9      | Found a blossoming altar of Fedhas.
 12992 | D:9      | Reached XP level 11. HP: 61/72 MP: 11/11
 13015 | D:9      | Reached skill level 10 in Fighting
 13020 | D:9      | Reached skill level 12 in Unarmed Combat
 13061 | D:9      | Noticed a two-headed ogre
 13574 | D:9      | Noticed a two-headed ogre
 13584 | D:9      | Killed a two-headed ogre
 13692 | D:9      | Noticed a two-headed ogre
 13698 | D:9      | Killed a two-headed ogre
 13701 | D:9      | Reached skill level 13 in Unarmed Combat
 13922 | D:10     | Entered Level 10 of the Dungeon
 14099 | D:10     | Noticed an unseen horror
 14107 | D:10     | Killed an unseen horror
 14933 | D:11     | Noticed an unseen horror
 14940 | D:11     | Killed an unseen horror
 15015 | D:11     | Noticed a two-headed ogre
 15028 | D:11     | Killed a two-headed ogre
 15028 | D:11     | Reached **** piety under Trog
 15032 | D:11     | Reached XP level 12. HP: 54/80 MP: 12/12
 15035 | D:11     | Noticed a two-headed ogre
 15046 | D:11     | HP: 4/80 [two-headed ogre/+0 giant club (22)]
 15376 | D:11     | Found a staircase to the Lair.
 15411 | D:11     | Found Fibounes's Antique Armour Boutique.
 15416 | D:11     | Bought an embroidered scarf for 184 gold pieces
 15558 | D:11     | Killed a two-headed ogre
 15667 | D:11     | Found a staircase to the Orcish Mines.
 15985 | Lair:1   | Entered Level 1 of the Lair of Beasts
 16244 | Lair:1   | Reached skill level 14 in Unarmed Combat
 16377 | Lair:1   | Noticed a seven-headed hydra
 16384 | Lair:1   | Killed a seven-headed hydra
 17017 | Lair:1   | Reached ***** piety under Trog
 18212 | Lair:2   | Reached skill level 15 in Unarmed Combat
 18686 | Lair:2   | Noticed Sonja
 18795 | Lair:2   | Killed Sonja
 19628 | Lair:3   | HP: 6/123 [poisoned by a cane toad]
 19630 | Lair:3   | HP: 2/123 [poisoned by a cane toad]
 19631 | Lair:3   | Succumbed to a cane toad's poison

Illustrated notes

Levels and vault maps discovered:
D:1:      lemuel_arrival_tunnels, layout_basic
D:2:      layout_loops_cross
D:3:      layout_basic, gup_sewer_entry_spiral, st_stairs_10
D:4:      layout_basic, serial_shops, shop, shop_fountains, bh_walls_and_bars,
          uniq_eustachio, uniq_crazy_yiuf_cottage, uniq_blork_the_orc
D:5:      layout_cave_pools, minmay_temple_entry_antechambers, uniq_duvessa
D:6:      layout_loops_cross, nicolae_dithmenos_the_darkroom
D:7:      layout_rooms, gammafunk_temple_overflow_elements
D:8:      layout_cave_pools, kennysheep_mini, gammafunk_ghost_cemetery,
          serial_shops, shop
D:9:      cheibrodos_steamvent, layout_rooms, fedhas_altar_3, uniq_harold
D:10:     cheibrodos_iron_armory, layout_irregular_city
D:11:     layout_rooms, lair_entry_dummy, david_orc_3, serial_shops, shop
Temple:   eino_narrow_crystal_temple
Lair:1:   layout_loops_ring, special_room [special_room_bee], st_stairs_9
Lair:2:   layout_chaotic_city, grunt_megastairs_3, uniq_sonja
Lair:3:   layout_gridlike, minmay_snake_entry_guardpost_small,
          ebering_ghost_inner_flame, minmay_lindwurm_lava

Skill      XL: |  1  2  3  4  5  6  7  8  9 10 11 12 |
---------------+-------------------------------------+-----
Unarmed Combat | 3 4 5 6 7 9 11 13 15 | 15.1
Fighting       | 4 5 6 8 9 11 12 | 12.4
Shields        | 3 4 5 |  5.6
Armour         | |  2.4

Action                   |  1- 3 |  4- 6 |  7- 9 | 10-12 || total
-------------------------+-------+-------+-------+-------++-------
Melee: Unarmed           |   100 |   297 |   434 |   744 ||  1575
       Punch             |     1 |     5 |     2 |       ||     8
 Fire: Hunting sling     |       |       |     6 |    17 ||    23
Throw: Throwing net      |       |       |       |     4 ||     4
Invok: Berserk           |       |       |     1 |    12 ||    13
Evoke: Wand              |       |       |     1 |     6 ||     7
       Phantom mirror    |       |       |       |     1 ||     1
  Use: Scroll            |     3 |     4 |    12 |     9 ||    28
       Potion            |     2 |       |     7 |     3 ||    12
 Stab: Sleeping          |     1 |       |       |       ||     1
       Held in net/web   |       |       |       |     2 ||     2
       Paralysed         |       |       |       |    24 ||    24
       Invisible         |       |       |       |     3 ||     3
Armor: Scale mail        |    48 |     4 |       |       ||    52
       Chain mail        |       |   101 |   167 |   378 ||   646
Dodge: Dodged            |    40 |    85 |   158 |   358 ||   641
Block: Buckler           |       |       |   103 |   212 ||   315

Table legend: (Time is in decaauts)
 A = Elapsed time spent in this place.
 B = Non-inter-level travel time spent in this place.
 C = Inter-level travel time spent in this place.
 D = Time resting spent in this place.
 E = Time spent auto-exploring this place.
 F = Levels seen in this place.
 G = Mean time per level.
                   A        B        C        D        E       F      G
               +--------+--------+--------+--------+--------+-----+--------+
         Total |  19604 |  18999 |    605 |   7674 |   8328 |  16 | 1225.2 |
       Dungeon |  14886 |  14362 |    524 |   5847 |   6160 |  11 | 1353.3 |
        Temple |    208 |    173 |     35 |      0 |    172 |   1 |  208.0 |
          Lair |   3597 |   3552 |     45 |   1459 |   1682 |   3 | 1199.0 |
         Sewer |    912 |    912 |      0 |    367 |    314 |   1 |  912.0 |
               +--------+--------+--------+--------+--------+-----+--------+

Top non-repeatable levels by time:
  Lair:1: 1963 daAuts
     D:7: 1823 daAuts
     D:8: 1813 daAuts
     D:1: 1729 daAuts
     D:3: 1690 daAuts
     D:5: 1414 daAuts
     D:2: 1408 daAuts
    D:10: 1288 daAuts
  Lair:2: 1286 daAuts
     D:6: 1029 daAuts
     D:9: 988 daAuts
     D:4: 942 daAuts
   Sewer: 912 daAuts
    D:11: 757 daAuts
  Lair:3: 347 daAuts
